 Dungeon Sprint DCSS version 0.26-a0-662-g8b9c6dab81 (webtiles) character file.

Game seed: 9692458090478848598

12600000 olmar the Dwarf of Death (level 27, -22/298 HPs)
             Began as a Deep Dwarf Necromancer on Oct 10, 2020.
             Was the Champion of Makhleb.
             Annihilated by a fleshlord
             ... wielding a +9 great mace
              (314 damage)
             ... in the Dungeon (Sprint VIII: "Arena of Blood").
             The game lasted 00:03:07 (126 turns).

olmar the Dwarf of Death (Deep Dwarf Necromancer)    Turns: 126, Time: 00:03:08

Health: -22/298    AC:  4    Str: 23    XL:     27
Magic:  35/54      EV: 30    Int: 18    God:    Makhleb [******]
Gold:   0          SH:  0    Dex: 13    Spells: 79/80 levels left

rFire    . . .     SeeInvis +   b - +∞ Axe of Woe
rCold    . . .     Faith    .   (shield currently unavailable)
rNeg     + . .     Spirit   .   a - +0 robe
rPois    .         Reflect  .   (no helmet)
rElec    .         Harm     .   (no cloak)
rCorr    .         Rampage  .   (no gloves)
MR       ++++.     NoTele   +   (no boots)
Stlth    +++++++++.             (no amulet)
HPRegen  0.00/turn              i - ring of see invisible
MPRegen  0.34/turn              (no ring)

@: lethally poisoned (-22 -> -22), non-regenerating, hasted, very quick
A: damage resistance, heal wounds, negative energy resistance 1, sense
surroundings 3, no regeneration
a: Heal Wounds, Minor Destruction, Lesser Servant of Makhleb, Major Destruction,
Greater Servant of Makhleb, Renounce Religion


You were in the Dungeon.
You worshipped Makhleb.
Makhleb was exalted by your worship.
You visited 1 branch

Inventory:

Hand Weapons
 b - the +∞ Axe of Woe (weapon)
   (You found it in the Dungeon)
Armour
 a - a +0 robe (worn)
Jewellery
 i - a ring of see invisible (left hand)
Scrolls
 h - a scroll of blinking
Potions
 d - a potion of heal wounds
 f - 2 potions of magic
 g - a potion of berserk rage


   Skills:
 O Level 27 Fighting
 O Level 27 Axes
 O Level 27 Throwing
 O Level 27 Armour
 O Level 27 Dodging
 O Level 27 Stealth
 O Level 27 Unarmed Combat
 O Level 27 Spellcasting
 O Level 27 Necromancy
 O Level 27 Invocations


You had 79 spell levels left.
You knew the following spells:

 Your Spells              Type           Power        Failure   Level
a - Pain                  Necr           ####         0%          1

Your spell library contained the following spells:

 Spells                   Type           Power        Failure   Level
 Animate Skeleton         Necr           ######       0%          1
 Vampiric Draining        Necr           #######...   0%          3
 Animate Dead             Necr           #######...   0%          4
 Agony                    Necr           #######.     0%          5


Dungeon Overview and Level Annotations

Branches:
Dungeon (1/1)

Altars:
Makhleb


Innate Abilities, Weirdness & Mutations

You are resistant to damage.
You can heal yourself by infusing magical energy.
You resist negative energy. (rN+)
You passively map a large area around you.
You do not regenerate.


Message History

You hear a shout! x2
The wretched soul breathes negative energy at you.
The bolt of negative energy misses you.
The meat beast gives a hideous shriek!
You hear an angry hiss.
An orc and a greater mummy come into view.
You hear a shout! x3
The meat berserker rages.
You hear a shout! x2
An eight-headed meat hydra comes into view.
The accursed points at you and mumbles some strange words.
Something smites you!
You hear a shout! x2
You see here a meat hydra corpse. 2 orcs and a lich come into view.
The eight-headed meat hydra roars!
You hear a shout! x4
A scourge comes into view.
You hear a shout! x2
The fleshlord hits you with a +9 great mace!!!!!!
Ouch! That really hurt!
You die...

.....)).)..).))####
.##.##)#####))))..####
....z........W)).....####
...##.##......))).......####
................)))).......#
.....#)#..o....#)))).......#
.....V)).....####).))......#
.§..☼§)).........†)........#
....)☼))......W.@...#......#
....))§)......Op...........#
....).))........2...#......#
#...))).#...O..W...........#
#...)...#...p.......##.....#
#.)))...###..oDo...........#
...###.....M....oD.###.....#
...._.........S..L..,o.....#
.#.....#.... ..#.#. ,......#


You could see an accursed, a meat beast (fast), a tyrant, 2 eight-headed meat
hydras, a scourge, 2 fleshlords, a wretched soul (invisible), a dread, 2 meat
berserkers and 4 bags of meat.

Vanquished Creatures
  3 hell knights (D)
  5 hell beasts (D)
  3 greater mummies (D)
  4 great orbs of eyes (D)
  3 wraiths (D)
  10 vampire knights (D)
  23 ogres (D)
  5 two-headed ogres (D)
  2 liches (D)
  5 hydras (D)
  59 orcs (D)
  4 phantoms (D)
  3 skeletal warriors (D)
  3 sea snakes (D)
  3 large abominations (D)
  A small abomination (D)
  5 crawling corpses (D)
141 creatures vanquished.

Vanquished Creatures (others)
  An orc (D)
  3 crawling corpses (D)
4 creatures vanquished.

Grand Total: 145 creatures vanquished

Notes
Turn   | Place    | Note
-------+----------+-------------------------------------------
     0 | D        | Found the +∞ Axe of Woe
     0 | D        | olmar the Deep Dwarf Necromancer began the quest for the
                  | Orb.
     0 | D        | Reached XP level 1. HP: 15/15 MP: 3/3
     3 | D        | Became a worshipper of Makhleb the Destroyer
     4 | D        | Noticed a bag of meat
     7 | D        | Noticed a bag of meat
     7 | D        | Noticed a meat berserker
     7 | D        | Noticed a bag of meat
     8 | D        | Killed a meat berserker
     8 | D        | Reached skill level 10 in Spellcasting
     8 | D        | Reached skill level 27 in Necromancy
     8 | D        | Reached XP level 2. HP: 22/22 MP: 3/13
     8 | D        | Reached XP level 3. HP: 28/28 MP: 3/15
     8 | D        | Reached XP level 4. HP: 36/36 MP: 3/16
     8 | D        | Reached XP level 5. HP: 42/42 MP: 3/18
     8 | D        | Reached XP level 6. HP: 49/49 MP: 3/19
     8 | D        | Reached XP level 7. HP: 55/55 MP: 3/21
     8 | D        | Reached XP level 8. HP: 62/62 MP: 3/22
     8 | D        | Gained mutation: You passively map the area around you.
                  | [Deep Dwarf growth]
     8 | D        | Reached XP level 9. HP: 68/68 MP: 3/23
     8 | D        | Reached XP level 10. HP: 75/75 MP: 3/24
     8 | D        | Reached XP level 11. HP: 81/81 MP: 3/25
     8 | D        | Reached XP level 12. HP: 88/88 MP: 3/26
     8 | D        | Reached XP level 13. HP: 94/94 MP: 3/27
     8 | D        | Noticed a bag of meat
     9 | D        | Killed a bag of meat
     9 | D        | Reached * piety under Makhleb
     9 | D        | Reached skill level 15 in Dodging
     9 | D        | Noticed a bag of meat
    10 | D        | Noticed a bag of meat
    10 | D        | Noticed a bag of meat
    11 | D        | Killed a bag of meat
    11 | D        | Gained mutation: You resist negative energy. (rN+) [Deep
                  | Dwarf growth]
    11 | D        | Reached XP level 14. HP: 102/102 MP: 4/32
    11 | D        | Noticed a bag of meat
    11 | D        | Noticed a meat berserker
    12 | D        | Noticed a meat berserker
    12 | D        | Noticed a bag of meat
    12 | D        | Noticed a bag of meat
    12 | D        | Noticed a bag of meat
    12 | D        | Noticed a meat berserker
    12 | D        | Noticed a meat berserker
    12 | D        | Noticed a meat berserker
    12 | D        | Noticed a bag of meat
    13 | D        | Noticed a bag of meat
    13 | D        | Noticed a bag of meat
    13 | D        | Noticed a meat berserker
    14 | D        | Killed a bag of meat
    14 | D        | Reached skill level 10 in Axes
    14 | D        | Killed a bag of meat
    14 | D        | Reached ** piety under Makhleb
    14 | D        | Reached XP level 15. HP: 108/108 MP: 4/36
    14 | D        | Noticed a meat berserker
    14 | D        | Noticed a meat berserker
    15 | D        | Noticed a large bag of meat
    15 | D        | Noticed a meat berserker
    16 | D        | Noticed a large bag of meat
    16 | D        | Killed a meat berserker
    16 | D        | Reached XP level 16. HP: 115/115 MP: 5/39
    16 | D        | Reached *** piety under Makhleb
    16 | D        | Killed a meat berserker
    16 | D        | Reached skill level 27 in Stealth
    16 | D        | Reached XP level 17. HP: 135/135 MP: 5/41
    16 | D        | Killed a meat berserker
    16 | D        | Reached skill level 5 in Fighting
    17 | D        | Noticed a destroyer
    17 | D        | Killed a meat berserker
    17 | D        | Reached **** piety under Makhleb
    17 | D        | Reached skill level 27 in Axes
    17 | D        | Reached skill level 27 in Dodging
    17 | D        | Gained mutation: You passively map a large area around you.
                  | [Deep Dwarf growth]
    17 | D        | Reached XP level 18. HP: 157/157 MP: 5/46
    17 | D        | Killed a meat berserker
    17 | D        | Reached skill level 27 in Spellcasting
    17 | D        | Killed a meat berserker
    17 | D        | Reached XP level 19. HP: 217/217 MP: 5/50
    17 | D        | Noticed a meat berserker
    17 | D        | Noticed a destroyer
    18 | D        | Killed a meat berserker
    18 | D        | Reached ***** piety under Makhleb
    18 | D        | Reached skill level 27 in Fighting
    19 | D        | Noticed a meat berserker
    20 | D        | Killed a meat berserker
    20 | D        | Reached skill level 15 in Invocations
    20 | D        | Reached XP level 20. HP: 236/236 MP: 6/51
    20 | D        | Reached skill level 15 in Armour
    20 | D        | Reached skill level 15 in Throwing
    20 | D        | Reached skill level 15 in Unarmed Combat
    22 | D        | Reached ****** piety under Makhleb
    22 | D        | Killed a meat berserker
    22 | D        | Reached XP level 21. HP: 244/244 MP: 7/52
    22 | D        | Reached skill level 27 in Invocations
    22 | D        | Killed a destroyer
    22 | D        | Reached skill level 27 in Armour
    22 | D        | Reached XP level 22. HP: 254/254 MP: 7/53
    23 | D        | Noticed a large bag of meat
    23 | D        | Killed a destroyer
    23 | D        | Reached skill level 27 in Throwing
    23 | D        | Reached skill level 27 in Unarmed Combat
    23 | D        | Reached XP level 23. HP: 262/262 MP: 7/54
    23 | D        | Noticed a destroyer
    25 | D        | Noticed a destroyer
    25 | D        | Killed a large bag of meat
    25 | D        | Reached XP level 24. HP: 272/272 MP: 8/54
    27 | D        | Killed a large bag of meat
    27 | D        | Reached XP level 25. HP: 280/280 MP: 8/54
    33 | D        | Noticed a destroyer
    40 | D        | Noticed a destroyer
    41 | D        | Killed a destroyer
    44 | D        | Killed a destroyer
    44 | D        | Reached XP level 26. HP: 164/290 MP: 13/54
    46 | D        | Noticed a destroyer
    46 | D        | Noticed a destroyer
    46 | D        | Noticed a large bag of meat
    49 | D        | Killed a destroyer
    49 | D        | Reached XP level 27. HP: 298/298 MP: 15/54
    52 | D        | Killed a destroyer
    52 | D        | Killed a destroyer
    52 | D        | Noticed a tyrant
    52 | D        | Noticed a destroyer
    54 | D        | Noticed a destroyer
    55 | D        | Noticed a tyrant
    56 | D        | Killed a destroyer
    56 | D        | Killed a destroyer
    57 | D        | Noticed an accursed
    58 | D        | Killed a destroyer
    59 | D        | Killed a large bag of meat
    59 | D        | Killed a large bag of meat
    59 | D        | Noticed a meat beast
    61 | D        | Killed a meat beast
    61 | D        | Noticed an accursed
    62 | D        | Noticed a dread
    63 | D        | Killed an accursed
    63 | D        | Noticed a meat beast
    64 | D        | Noticed a large bag of meat
    65 | D        | Noticed a meat beast
    66 | D        | Noticed a meat beast
    66 | D        | Killed a tyrant
    68 | D        | Noticed a dread
    68 | D        | Killed a meat beast
    69 | D        | Killed a meat beast
    69 | D        | Killed a dread
    69 | D        | Killed a meat beast
    70 | D        | Noticed a dread
    71 | D        | Killed a dread
    71 | D        | Noticed an accursed
    73 | D        | Killed a large bag of meat
    73 | D        | Killed a tyrant
    78 | D        | Killed an accursed
    80 | D        | Killed an accursed
    84 | D        | Killed a dread
    87 | D        | Noticed a meat beast
    94 | D        | Killed a meat beast
    95 | D        | Noticed an accursed
    96 | D        | Noticed an accursed
   101 | D        | HP: 13/298 [eight-headed meat hydra (3)]
   113 | D        | Noticed a fleshlord
   113 | D        | Noticed a dread
   115 | D        | Noticed a fleshlord
   115 | D        | Killed a fleshlord
   120 | D        | Noticed a fleshlord
   121 | D        | Noticed a fleshlord
   121 | D        | Noticed a fleshlord
   123 | D        | Noticed a dread
   124 | D        | Killed a fleshlord
   124 | D        | Killed a fleshlord
   124 | D        | Noticed a meat beast
   125 | D        | Noticed an accursed
   126 | D        | Noticed a tyrant
   126 | D        | Annihilated by a fleshlord

Illustrated notes

Levels and vault maps discovered:
D:        meatsprint

Skill      XL: |  1  2  3  4  5  6  7  8  9 10 11 12 13 14 15 16 17 18 19 20 21 22 |
---------------+-------------------------------------------------------------------+-----
Dodging        | 13 17 20 23 25 27 | 27.0
Stealth        | 13 18 21 25 27 | 27.0
Spellcasting   | 10 14 17 19 20 24 27 | 27.0
Necromancy     | 27 | 27.0
Axes           | 8 12 18 23 27 | 27.0
Fighting       | 4 8 24 27 | 27.0
Throwing       | 11 19 25 27 | 27.0
Armour         | 13 22 27 | 27.0
Unarmed Combat | 11 19 25 27 | 27.0
Invocations    | 15 25 27 | 27.0

Action                   |  1- 3 |  4- 6 |  7- 9 | 10-12 | 13-15 | 16-18 | 19-21 | 22-24 | 25-27 || total
-------------------------+-------+-------+-------+-------+-------+-------+-------+-------+-------++-------
Melee: Executioner's axe |     1 |       |       |       |     4 |     1 |     3 |     3 |    47 ||    59
 Abil: Heal Wounds       |       |       |       |       |       |       |       |       |     2 ||     2
  Use: Potion            |       |       |       |       |       |       |       |       |     2 ||     2
 Stab: Distracted        |       |       |       |       |       |       |       |       |     1 ||     1
Armor: Robe              |       |       |       |       |       |       |       |       |     3 ||     3
Dodge: Dodged            |       |       |       |       |     1 |     1 |     5 |     2 |    23 ||    32

Table legend: (Time is in decaauts)
 A = Elapsed time spent in this place.
 B = Non-inter-level travel time spent in this place.
 C = Inter-level travel time spent in this place.
 D = Time resting spent in this place.
 E = Time spent auto-exploring this place.
 F = Levels seen in this place.
 G = Mean time per level.
                   A        B        C        D        E       F      G
               +--------+--------+--------+--------+--------+-----+--------+
         Total |    105 |    105 |      0 |      0 |      0 |   1 |  105.0 |
       Dungeon |    105 |    105 |      0 |      0 |      0 |   1 |  105.0 |
               +--------+--------+--------+--------+--------+-----+--------+

Top non-repeatable levels by time:
       D: 105 daAuts
